 Dungeon Crawl Stone Soup version 0.30.1 (webtiles) character file.

Game seed: 3332211542525917169

9 Arctor the Insei (level 2, 0/18 HPs)
             Began as an Octopode Transmuter on July 5, 2023.
             Slain by a ball python (3 damage)
             ... on level 1 of the Dungeon.
             The game lasted 00:00:14 (390 turns).

Arctor the Insei (Octopode Transmuter)               Turns: 390, Time: 00:00:15

Health: 0/18       AC:  1    Str:  9    XL:     2   Next: 16%
Magic:  3/5        EV: 10    Int: 15    God:
Gold:   12         SH:  0    Dex: 12    Spells: 4/5 levels left

rFire   . .          .
                       - Unarmed
rCold   . . .        (no shield)
rNeg    . . .        (helmet currently unavailable)
rPois   .            (no amulet)
rElec   .            (no ring)
rCorr   .            (no ring)
SInv    .            (no ring)
Will    .....        (no ring)
Stlth   ++           (no ring)
HPRegen 0.23/turn    (no ring)
MPRegen 0.09/turn    (no ring)
                     (no ring)

%: no passive effects
@: appendages, constricted
A: tentacle spike 3, almost no armour, amphibious, 8 rings, camouflage 1,
gelatinous body 1, (nimble swimmer 1), tentacles
a: End Transformation


You were on level 1 of the Dungeon.
One of your tentacles had grown a beastly spike.
You visited 1 branch of the dungeon, and saw 1 of its levels.

You collected 12 gold pieces.

Inventory:

Scrolls
 b - a scroll of brand weapon {unknown}
 c - a scroll of fog {unknown}
Potions
 a - a potion of lignification
 d - a potion of attraction {unknown}


   Skills:
 + Level 1.2 Fighting
 + Level 2.1 Dodging
 + Level 3.1 Unarmed Combat
 + Level 2.1 Spellcasting
 + Level 2.1 Transmutations


You had 4 spell levels left.
You knew the following spells:

 Your Spells              Type           Power      Damage    Failure   Level
a - Beastly Appendage     Tmut           16%        N/A       9%          1

Your spell library contained the following spells:

 Spells                   Type           Power      Damage    Failure   Level
 Wereblood                Tmut           8%         N/A       14%         2
 Spider Form              Tmut/Pois      4%         N/A       38%         3
 Stone Arrow              Conj/Erth      2%         3d7       54%         3
 Ice Form                 Ice/Tmut       4%         N/A       80%         4
 Lehudib's Crystal Spear  Conj/Erth      0%         10d2      100%        8
 Animate Armour           Summ/Erth      Unusable   N/A       N/A         4

Dungeon Overview and Level Annotations

Branches:
Dungeon (1/15)

Altars:


Innate Abilities, Weirdness & Mutations

One of your tentacles has grown a beastly spike.
You cannot wear most types of armour.
You are amphibious.
You can wear up to eight rings at the same time.
Your skin changes colour to match your surroundings (Stealth+).
Your rubbery body absorbs attacks. (AC +1, EV +1)
((You are camouflaged when in or above water. (Stealth+)))
You have tentacles for arms and can constrict up to eight enemies at once.


Message History

The ball python bites you. The ball python closely misses you.
The endoplasm freezes you.
You are frozen.
You tentacle-slap the endoplasm.
You pierce the endoplasm.
The endoplasm is moderately wounded.
The ball python bites you but does no damage.
The ball python barely misses you. The endoplasm freezes you.
You are frozen.
You tentacle-slap the endoplasm.
Your tentacle spike misses the endoplasm.
The endoplasm is heavily wounded.
The ball python closely misses you. The ball python grabs you.
The ball python constricts you. The endoplasm hits you.
The ball python barely misses you. The ball python constricts you.
You are too injured to fight recklessly!
You are too injured to fight recklessly!
There are monsters nearby!
You are too injured to fight recklessly!
You are too injured to fight recklessly!
You are too injured to fight recklessly!
You are too injured to fight recklessly!
You are too injured to fight recklessly!
Unknown command.
You tentacle-slap the endoplasm.
The endoplasm is almost dead.
The endoplasm freezes you.
You are frozen.
The ball python bites you.
* * * LOW HITPOINT WARNING * * *
The ball python constricts you.
* * * LOW HITPOINT WARNING * * *
You tentacle-slap the endoplasm.
You kill the endoplasm!
The ball python bites you.
* * * LOW HITPOINT WARNING * * *
The ball python constricts you.
* * * LOW HITPOINT WARNING * * *
You closely miss the ball python. Your grab misses the ball python.
Your squeeze misses the ball python. The ball python bites you.
You die...

#### |..#### #.....
#.... #...# #########
#.S.# #........ #.@.#
#...##### #...# #...#
#.?.# #...# #...# #.[†#
#...# #####...##### #
#...# #............
##.##...##..###...#####
...................#
###.#...#)..#####..#


You could see a ball python.

Vanquished Creatures
  A dart slug (D:1)
  An endoplasm (D:1)
  2 goblins (D:1)
  2 kobolds (D:1)
  A rat (D:1)
7 creatures vanquished.

Notes
Turn   | Place    | Note
-------+----------+-------------------------------------------
     0 | D:1      | Arctor the Octopode Transmuter began the quest for the Orb.
     0 | D:1      | Reached XP level 1. HP: 13/13 MP: 3/3
   273 | D:1      | Reached XP level 2. HP: 18/18 MP: 1/5
   390 | D:1      | Slain by a ball python

Illustrated notes

Levels and vault maps discovered:
D:1:      dpeg_arrival_concentric_ovals, layout_basic,
          minmay_misc_feat_nine_boxes

Action                     || total
---------------------------++-------
  Melee: Unarmed           ||    17
         Constrict         ||     4
         Kick              ||     4
         Tentacles         ||     1
   Cast: Beastly Appendage ||    17
 Armour: Skin              ||     2
  Dodge: Dodged            ||     7
